 Dungeon Crawl Stone Soup version 0.31-a0-1099-g7fa767f3fe (webtiles) character file.

Game seed: 17164654601465599358

541 Gargoyl the Chopper (level 7, 0/66 HPs)
             Began as a Gargoyle Berserker on Dec 1, 2023.
             Was a Priest of Trog.
             Slain by a gnoll
             ... wielding a +0 spear
             ... led by a gnoll sergeant
              (3 damage)
             ... on level 5 of the Dungeon.
             The game lasted 00:03:32 (2573 turns).

Gargoyl the Chopper (Gargoyle Berserker)            Turns: 2573, Time: 00:03:33

Health: 0/66       AC: 11    Str: 20    XL:     7   Next: 26%
Magic:  7/7        EV: 11    Int:  8    God:    Trog [***...]
Gold:   232        SH:  0    Dex: 11    Spells: 6/6 levels left

rFire   . . .        b - +2 war axe (heavy)
rCold   . . .        (no shield)
rNeg    + . .        c - +1 ring mail
rPois   ∞            (no helmet)
rElec   +            (no cloak)
rCorr   .            (no gloves)
SInv    .            (no boots)
Will    .....        (no amulet) Stlth
                     (no ring)
HPRegen 0.31/turn    (no ring)
MPRegen 0.10/turn

%: no passive effects
@: berserking, very quick
A: sickness immunity, AC +4, negative energy resistance 1, electricity
resistance, torment resistance 1, petrification resistance
a: Renounce Religion, Berserk, Trog's Hand


You were on level 5 of the Dungeon.
You worshipped Trog.
Trog was most pleased with you.
You visited 1 branch of the dungeon, and saw 5 of its levels.

You collected 232 gold pieces.

Inventory:

Hand Weapons
 a - a +0 hand axe
 b - a +2 heavy war axe (weapon)
Armour
 c - a +1 ring mail (worn)
Scrolls
 e - 2 scrolls of fog
 g - 2 scrolls of teleportation
Potions
 d - 2 potions of haste
 f - a potion of heal wounds {unknown}
 h - 6 potions of curing {unknown}
 j - a potion of ambrosia {unknown}


   Skills:
 + Level 5.0 Fighting
 + Level 5.7 Axes
 + Level 3.5 Armour
 + Level 2.4 Dodging
 + Level 0.4 Stealth


You had 6 spell levels left.
You didn't know any spells.
Your spell library was empty.

Dungeon Overview and Level Annotations

Branches:
Dungeon (5/15)
 Temple: D:4-7

Altars:
Qazlal
Vehumet


Innate Abilities, Weirdness & Mutations

You are immune to sickness and miasma.
Your stone body is resilient. (AC +4)
You are immune to poison.
You resist negative energy. (rN+)
You are resistant to electric shocks. (rElec)
You are resistant to unholy torment.
You are immune to petrification.


Message History

The gnoll sergeant freezes you. The gnoll misses you.
The gnoll sergeant hits you with a +0 trident.
The gnoll hits you with a +0 club.
You barely miss the gnoll. x2; You hit the gnoll sergeant.
You hit the gnoll but do no damage. You slice the adder!!
You kill the adder!
Trog accepts your kill.
A nearby plant withers and dies.
The gnoll sergeant hits you from afar with a +0 spear of freezing.
The gnoll sergeant freezes you. The gnoll barely misses you.
The gnoll hits you with a +0 club. The gnoll hits you but does no damage.
The gnoll sergeant hits you with a +0 trident.
The gnoll hits you with a +0 club. The gnoll barely misses you.
The gnoll completely misses you.
The gnoll sergeant hits you from afar with a +0 spear of freezing.
The gnoll sergeant freezes you. The gnoll hits you with a +0 club.
The gnoll barely misses you. The gnoll sergeant barely misses you.
You closely miss the gnoll. You hit the gnoll. x2
You slash the gnoll sergeant! The gnoll hits you with a +0 club. x2
* * * LOW HITPOINT WARNING * * *
The gnoll hits you from afar with a +0 halberd!
* * * LOW HITPOINT WARNING * * *
The gnoll hits you but does no damage.
The gnoll sergeant hits you but does no damage.
The gnoll sergeant completely misses you.
You slice the gnoll!!
You kill the gnoll!
Trog accepts your kill.
You barely miss the gnoll. You slash the gnoll sergeant!
You kill the gnoll sergeant!
Trog accepts your kill.
You barely miss the gnoll.
The gnoll hits you from afar with a +0 spear!
* * * LOW HITPOINT WARNING * * *
The gnoll completely misses you. The gnoll sergeant barely misses you.
The gnoll hits you but does no damage.
Your Fighting skill increases to level 5!
You barely miss the gnoll. You completely miss the gnoll.
The gnoll hits you from afar with a +0 spear.
You die...

#.#.....### #.#
..#.....# #>#
........#####.#
............#.# #######
##.#...####.#.###.......
# ##..####.#.##........
#........#'##........
#...###.....†g).....P
#.<.+.......)@.g....P
#...###......g.g....P
..........#+##g.P...PP
.....##..... #....P...
##### ....... #........
....... #.####.## ##....
#.# .<. #### ... ..


You could see a gnoll sergeant and 4 gnolls.

Vanquished Creatures
  Menkaure (D:4)
  A gnoll sergeant (D:5)
  2 howler monkeys
  A gnoll bouda (D:3)
  Jessica (D:3)
  An iguana (D:3)
  5 gnolls
  7 adders
  2 worms (D:3)
  2 dart slugs
  2 orcs
  2 bats (D:3)
  11 endoplasms
  4 giant cockroaches
  6 goblins
  7 hobgoblins
  4 jackals (D:4)
  2 quokkas
  11 ball pythons
  6 frilled lizards
  6 kobolds
  8 rats
92 creatures vanquished.

Notes
Turn   | Place    | Note
-------+----------+-------------------------------------------
     0 | D:1      | Gargoyl the Gargoyle Berserker began the quest for the Orb.
     0 | D:1      | Reached XP level 1. HP: 14/14 MP: 1/1
   172 | D:1      | Reached XP level 2. HP: 19/19 MP: 2/2
   383 | D:1      | Reached ** piety under Trog
   384 | D:1      | Reached XP level 3. HP: 18/24 MP: 3/3
   907 | D:2      | Found a faded altar of an unknown god.
  1064 | D:2      | Found a radiant altar of Vehumet.
  1261 | D:2      | Reached XP level 4. HP: 28/29 MP: 4/4
  1399 | D:3      | Reached XP level 5. HP: 33/33 MP: 5/5
  1643 | D:3      | Noticed Jessica
  1649 | D:3      | Killed Jessica
  1665 | D:3      | Reached *** piety under Trog
  1714 | D:3      | Reached XP level 6. HP: 39/39 MP: 6/6
  2025 | D:4      | Noticed Menkaure
  2031 | D:4      | Killed Menkaure
  2032 | D:4      | Reached skill level 5 in Axes
  2056 | D:4      | Found a stormy altar of Qazlal.
  2532 | D:5      | Entered Level 5 of the Dungeon
  2541 | D:5      | Reached XP level 7. HP: 44/44 MP: 7/7
  2572 | D:5      | HP: 3/66 [gnoll/+0 spear[a gnoll sergeant] (7)]
  2573 | D:5      | Reached skill level 5 in Fighting
  2573 | D:5      | Slain by a gnoll

Illustrated notes

Levels and vault maps discovered:
D:1:      dpeg_arrival_simpleton_b, layout_rooms, minmay_tromino_v7
D:2:      layout_basic, basic_altar, shapermc_ecumenical_altar_mp_ritualfount
D:3:      layout_rooms, grunt_ministairs_12, minmay_quadrilaterals, uniq_jessica
D:4:      layout_basic, grunt_qazlal_sundering, uniq_menkaure
D:5:      gammafunk_cloud_chamber, layout_basic, mainiacjoe_overflow_brackets,
          cheibrodos_sewer_entry_bend, nicolae_grassy_gnolls, uniq_sigmund

Skill      XL: |  1  2  3  4  5  6  7 |
---------------+----------------------+-----
Axes           | 3 4 5 |  5.7
Fighting       | 4 5 |  5.0
Dodging        | 2 |  2.4
Armour         | 3 |  3.5
Stealth        | |  0.4

Action                     |  1- 3 |  4- 6 |  7- 9 || total
---------------------------+-------+-------+-------++-------
  Melee: Hand axe          |    20 |       |       ||    20
         War axe           |    58 |    92 |     4 ||   154
 Invoke: Trog's Hand       |       |     3 |       ||     3
         Berserk           |       |     2 |     1 ||     3
    Use: Scroll            |     4 |     4 |     1 ||     9
 Armour: Ring mail         |    61 |   106 |    21 ||   188
         Animal skin       |     5 |       |       ||     5
  Dodge: Dodged            |    53 |    98 |    10 ||   161

Table legend: (Time is in decaauts)
 A = Elapsed time spent in this place.
 B = Non-inter-level travel time spent in this place.
 C = Inter-level travel time spent in this place.
 D = Time resting spent in this place.
 E = Time spent auto-exploring this place.
 F = Levels seen in this place.
 G = Mean time per level.
                   A        B        C        D        E       F      G
               +--------+--------+--------+--------+--------+-----+--------+
         Total |   2740 |   2654 |     86 |     50 |   1823 |   5 |  548.0 |
       Dungeon |   2740 |   2654 |     86 |     50 |   1823 |   5 |  548.0 |
               +--------+--------+--------+--------+--------+-----+--------+

Top non-repeatable levels by time:
     D:2: 865 daAuts
     D:3: 650 daAuts
     D:1: 639 daAuts
     D:4: 542 daAuts
     D:5: 43 daAuts
